 Dungeon Crawl Stone Soup version 0.31.0-32-g396128a36d (webtiles) character file.

Game seed: 6534107589500816327

651 AdnanSaban the Cudgeller (level 7, -1/44 HPs)
             Began as a Gargoyle Fighter on Apr 11, 2024.
             Shot with an arrow by a centaur (2 damage)
             ... on level 5 of the Dungeon.
             The game lasted 00:08:05 (4400 turns).

AdnanSaban the Cudgeller (Gargoyle Fighter)         Turns: 4400, Time: 00:08:05

Health: -1/44      AC: 20    Str: 22    XL:     7   Next: 53%
Magic:  7/7        EV:  8    Int:  8    God:
Gold:   240        SH:  4    Dex:  9    Spells: 6/6 levels left

rFire   . . .        a - +0 flail
rCold   . . .        c - +0 buckler
rNeg    + + .        B - +0 chain mail
rPois   ∞            y - +0 helmet
rElec   +            h - +0 cloak
rCorr   .            (no gloves)
SInv    .            n - +2 pair of boots
Will    .....        (no amulet) Stlth
                     s - ring of positive energy
HPRegen 0.27/turn    (no ring)
MPRegen 0.10/turn

%: no passive effects
@: no status effects
A: sickness immunity, AC +4, negative energy resistance 1, electricity
resistance, torment resistance 1, petrification resistance
a: no special abilities


You were on level 5 of the Dungeon.
You visited 1 branch of the dungeon, and saw 6 of its levels.

You collected 240 gold pieces.

Inventory:

Hand Weapons
 a - a +0 flail (weapon)
Missiles
 C - a boomerang (quivered)
Armour
 c - a +0 buckler (worn)
 h - a +0 cloak (worn)
 n - a +2 pair of boots (worn)
 y - a +0 helmet (worn)
 B - a +0 chain mail (worn)
Jewellery
 s - a ring of positive energy (left hand)
 D - an amulet of reflection
Wands
 A - a wand of roots (10)
Scrolls
 i - a scroll of summoning {unknown}
 j - a scroll of poison {unknown}
 m - a scroll of enchant armour {unknown}
 o - 3 scrolls of vulnerability {unknown}
 p - a scroll of fog {unknown}
 q - 2 scrolls of identify {unknown}
 r - a scroll of teleportation {unknown}
 u - a scroll of enchant weapon {unknown}
 x - a scroll of acquirement {unknown}
Potions
 b - a potion of haste {unknown}
 d - 2 potions of might
 e - 2 potions of berserk rage {unknown}
 f - 3 potions of attraction {unknown}
 g - 3 potions of mutation {unknown}
 k - a potion of invisibility {unknown}
 l - 2 potions of enlightenment {unknown}
 t - 4 potions of curing {unknown}
 v - 2 potions of heal wounds {unknown}
 w - a potion of brilliance {unknown}
 z - a potion of ambrosia {unknown}


   Skills:
 + Level 4.8 Fighting
 + Level 5.8 Maces & Flails
 + Level 4.9 Armour
 + Level 0.9 Dodging
 + Level 4.5 Shields


You had 6 spell levels left.
You didn't know any spells.
Your spell library contained the following spells:

 Spells                   Type           Power      Damage    Failure   Level
 Necrotise                Necr           0%         1d4       97%         1
 Jinxbite                 Hex            0%         N/A       99%         2
 Dazzling Flash           Conj/Hex       0%         N/A       100%        3
 Fugue of the Fallen      Necr           0%         N/A       100%        3
 Mephitic Cloud           Conj/Alch/Air  0%         N/A       100%        3
 Ozocubu's Armour         Ice            0%         N/A       100%        3
 Vampiric Draining        Necr           0%         2d6       100%        3
 Animate Armour           Summ/Erth      0%         N/A       100%        4
 Manifold Assault         Tloc           0%         N/A       100%        4
 Martyr's Knell           Necr/Summ      0%         N/A       100%        4
 Summon Lightning Spire   Summ/Air       0%         N/A       100%        4
 Curse of Agony           Necr           0%         N/A       100%        5
 Lee's Rapid Deconstruct  Erth           0%         3d4*      100%        5
 Silence                  Hex/Air        0%         N/A       100%        5
 Yara's Violent Unravell  Hex/Alch       0%         3d3       100%        5
 Enfeeble                 Hex            0%         N/A       100%        7


Dungeon Overview and Level Annotations

Branches:
Dungeon (6/15)
 Temple: D:4-7

Altars:

Annotations:
D:5 Grinder


Innate Abilities, Weirdness & Mutations

You are immune to sickness and miasma.
Your stone body is resilient. (AC +4)
You are immune to poison.
You resist negative energy. (rN+)
You are resistant to electric shocks. (rElec)
You are resistant to unholy torment.
You are immune to petrification.


Message History

You hit the iguana.
The iguana is lightly wounded.
You block the iguana's attack.
The centaur wields a +0 orcbow.
The centaur shoots an arrow.
The arrow hits you.
You hit the iguana but do no damage.
The iguana is lightly wounded.
You block the iguana's attack.
You hit the iguana.
The iguana is lightly wounded.
The centaur shoots an arrow.
The arrow hits you but does no damage. You block the iguana's attack.
The centaur shoots an arrow.
The arrow hits you but does no damage.
You barely miss the iguana.
The iguana is lightly wounded.
You block the iguana's attack.
The centaur shoots an arrow.
You block the arrow. The iguana bites you.
You sock the iguana!
The iguana is severely wounded.
The centaur shoots an arrow.
The arrow hits you but does no damage.
The centaur shoots an arrow.
The arrow barely misses you. The iguana bites you.
You hit the iguana but do no damage.
The iguana is severely wounded.
The centaur shoots an arrow.
The arrow hits you!
The iguana bites you but does no damage.
You hit the iguana.
The iguana is almost dead.
The centaur shoots an arrow.
The arrow hits you!
The iguana bites you but does no damage.
The centaur shoots an arrow.
The arrow hits you.
You are too injured to fight recklessly!
The centaur shoots an arrow.
The arrow hits you!
* * * LOW HITPOINT WARNING * * *
The iguana attacks as it pursues you! The iguana closely misses you.
There is a stone staircase leading down here.
The centaur shoots an arrow.
The arrow hits you.
* * * LOW HITPOINT WARNING * * *
The iguana bites you.
* * * LOW HITPOINT WARNING * * *
The centaur shoots an arrow.
The arrow hits you.
You die...

###########
#.........#
#.........#
#.........#
#.........#
#.........#
#.........#
#####
###....l....#
.....
.......@....#
##...
#####'#'#####
#....# #.#.#
#....# # #c#
#....# #.#
##....# #.#
##....# ...
.#....# #..
.#....###


You could see a centaur and an iguana.

Vanquished Creatures
  A black bear (D:5)
  A scorpion (D:5)
  3 hounds
  An orc priest (D:4)
  Terence (D:3)
  2 iguanas
  2 orc wizards (D:4)
  Robin (D:4)
  13 adders
  A white imp (D:5)
  5 ribbon worms
  3 dart slugs
  5 orcs
  7 endoplasms
  3 giant cockroaches
  11 goblins
  9 hobgoblins
  10 jackals
  4 kobolds
  2 quokkas (D:1)
  14 ball pythons
  7 bats
  3 frilled lizards
  8 rats
117 creatures vanquished.

Notes
Turn   | Place    | Note
-------+----------+-------------------------------------------
     0 | D:1      | AdnanSaban the Gargoyle Fighter began the quest for the
                  | Orb.
     0 | D:1      | Reached XP level 1. HP: 14/14 MP: 1/1
    35 | D:1      | You fall into a shaft and drop 1 floor!
    86 | D:2      | Reached XP level 2. HP: 12/19 MP: 2/2
   246 | D:1      | Reached XP level 3. HP: 23/23 MP: 3/3
  1193 | D:2      | Reached XP level 4. HP: 27/28 MP: 4/4
  1195 | D:2      | Reached skill level 3 in Maces & Flails
  2025 | D:3      | Reached XP level 5. HP: 32/32 MP: 5/5
  2351 | D:3      | Noticed Terence
  2362 | D:3      | Killed Terence
  2363 | D:3      | Reached skill level 4 in Maces & Flails
  2707 | D:3      | Reached XP level 6. HP: 37/37 MP: 6/6
  2909 | D:4      | Noticed Robin
  2953 | D:4      | Killed Robin
  3371 | D:5      | Entered Level 5 of the Dungeon
  3504 | D:5      | Reached skill level 5 in Maces & Flails
  3504 | D:5      | Reached XP level 7. HP: 44/44 MP: 7/7
  4243 | D:5      | Noticed Grinder
  4312 | D:6      | Found the +7 great mace "Undeadhunter" {deathbane, rN+}
  4400 | D:5      | HP: 1/44 [iguana (4)]
  4400 | D:5      | Shot with an arrow by a centaur

Illustrated notes

Levels and vault maps discovered:
D:1:      dpeg_arrival_boxorama, layout_basic, dk_noncrumbling_4
D:2:      layout_basic, nicolae_underground_beach
D:3:      layout_loops_ring, grunt_decor_arrowhead,
          amcnicky_mini_corridor_feature, minmay_snake_closets, uniq_terence
D:4:      layout_basic, chequers_garden, chequers_jeans, nicolae_wormholes,
          uniq_robin
D:5:      layout_basic, minmay_temple_entry_statues_pillars, uniq_grinder
D:6:      layout_rooms, grunt_temple_overflow_growth_and_decay,
          grunt_temple_overflow_open

Skill      XL: |  1  2  3  4  5  6 |
---------------+-------------------+-----
Armour         | 4 |  4.9
Maces & Flails | 3 4 5 |  5.8
Shields        | 4 |  4.5
Fighting       | 4 |  4.8
Dodging        | |  0.9

Action                     |  1- 3 |  4- 6 |  7- 9 || total
---------------------------+-------+-------+-------++-------
  Melee: Flail             |   116 |   255 |    47 ||   418
 Armour: Scale mail        |   114 |   202 |       ||   316
         Chain mail        |       |       |    49 ||    49
  Dodge: Dodged            |    49 |   115 |    18 ||   182
  Block: Buckler           |    37 |    54 |     9 ||   100
